 Dungeon Crawl Stone Soup version 0.30-a0-377-g5cb311bc9f (webtiles) character file.

Game seed: 11581284939922054127

199 retardedninja the Trooper (level 5, 0/47 HPs)
             Began as a Hill Orc Fighter on Nov 30, 2022.
             Slain by Edmund
             ... wielding a +3 dire flail of protection
              (8 damage)
             ... on level 4 of the Dungeon.
             The game lasted 00:03:40 (2757 turns).

retardedninja the Trooper (Hill Orc Fighter)        Turns: 2757, Time: 00:03:40

Health: 0/47       AC: 11    Str: 21    XL:     5   Next: 77%
Magic:  5/5        EV:  7    Int:  8    God:
Gold:   127        SH:  4    Dex: 10    Spells: 4/4 levels left

rFire   . . .      SeeInvis .    a - +0 war axe
rCold   . . .      Faith    .    c - +0 buckler
rNeg    . . .      Spirit   .    q - +0 chain mail
rPois   .          Reflect  .    w - +1 helmet
rElec   .          Harm     .    (no cloak)
rCorr   .          Rampage  .    (no gloves)
Will    .....                    (no boots)
Stlth   ..........               (no amulet)
HPRegen 0.27/turn                (no ring)
MPRegen 0.09/turn                (no ring)

@: no status effects
A: no striking features
a: no special abilities


You were on level 4 of the Dungeon.
You visited 1 branch of the dungeon, and saw 5 of its levels.

You collected 127 gold pieces.

Inventory:

Hand Weapons
 a - a +0 war axe (weapon)
Missiles
 f - 6 javelins (quivered)
 m - 2 throwing nets
Armour
 c - a +0 buckler (worn)
 q - a +0 chain mail (worn)
 w - a +1 helmet (worn)
Wands
 d - a wand of acid (13)
Scrolls
 b - a scroll of summoning {unknown}
 g - 2 scrolls of teleportation {unknown}
 i - a scroll of torment {unknown}
 k - a scroll of noise {unknown}
 l - 5 scrolls of identify {unknown}
 n - a scroll of immolation {unknown}
 p - a scroll of vulnerability {unknown}
 r - 2 scrolls of poison {unknown}
 s - a scroll of fear {unknown}
 u - a scroll of magic mapping {unknown}
Potions
 h - 2 potions of heal wounds {unknown}
 j - a potion of haste
 o - 2 potions of curing {unknown}
 t - a potion of mutation {unknown}
 v - 2 potions of lignification {unknown}


   Skills:
 + Level 4.6 Fighting
 + Level 4.1 Axes
 + Level 1.9 Throwing
 + Level 4.2 Armour
 + Level 4.2 Shields


You had 4 spell levels left.
You didn't know any spells.
Your spell library contained the following spells:

 Spells                   Type           Power      Damage    Failure   Level
 Inner Flame              Hex/Fire       0%         N/A       100%        3
 Cause Fear               Hex            0%         N/A       100%        4
 Discord                  Hex            0%         N/A       100%        8


Dungeon Overview and Level Annotations

Branches:
Dungeon (5/15)
 Temple: D:4-7

Altars:

Shops:
D:1 :*

Annotations:
D:4 Edmund, Pikel


Message History

Edmund asks, "Have you met my wondrous brother?"
Your extra speed is starting to run out.
You start resting.
Edmund is nearby!
Edmund is nearby!
Edmund is nearby!
You feel yourself slow down.
You barely miss Edmund.
Edmund is lightly wounded.
You block Edmund's attack.
You slash Edmund!
Edmund is moderately wounded.
Edmund barely misses you.
You closely miss Edmund.
Edmund is moderately wounded.
You block Edmund's attack. Edmund hits you but does no damage.
You completely miss Edmund.
Edmund is moderately wounded.
Edmund hits you but does no damage.
You hit Edmund but do no damage.
Edmund is moderately wounded.
Edmund barely misses you.
You hit Edmund but do no damage.
Edmund is moderately wounded.
Edmund hits you with a +3 dire flail of protection!
Edmund barely misses you.
You barely miss Edmund.
Edmund is moderately wounded.
Edmund completely misses you.
You closely miss Edmund.
Edmund is moderately wounded.
Edmund hits you with a +3 dire flail of protection!
* * * LOW HITPOINT WARNING * * *
You slash Edmund!
Edmund is heavily wounded.
You block Edmund's attack. Edmund hits you but does no damage.
You barely miss Edmund.
Edmund is heavily wounded.
Edmund hits you with a +3 dire flail of protection!
You die...

.#########
#....#
..)......#
#.....
.#######.#
##### #...#.
#.# #<..#
#.#†.. #.#
###.###### #
#.#. #.#
#......#
#.## #.#
######.#
#.## #.#
########.#
#.# #@#
#..@@....#
#.# #.#
#.#####..#
#.## #.# #.#
#..# #)..
#@####.#
#..# ####
#....#.#
#..#
####.#@#
#..#
#...########
##..........
#.####
#.#########
#..K..


You could see Edmund.

Vanquished Creatures
  A scorpion (D:5)
  Ijyb (D:3)
  Robin (D:2)
  2 adders (D:2)
  An ufetubus (D:3)
  2 worms
  5 orcs
  8 ball pythons
  3 endoplasms
  2 giant cockroaches (D:1)
  15 goblins
  6 hobgoblins
  4 quokkas
  A bat (D:2)
  6 frilled lizards
  4 kobolds
  3 rats
65 creatures vanquished.

Notes
Turn   | Place    | Note
-------+----------+-------------------------------------------
     0 | D:1      | retardedninja the Hill Orc Fighter began the quest for the
                  | Orb.
     0 | D:1      | Reached XP level 1. HP: 19/19 MP: 1/1
   205 | D:1      | Found Geimmuir's Book Emporium.
   284 | D:1      | Reached XP level 2. HP: 27/27 MP: 2/2
   304 | D:1      | Found a faded altar of an unknown god.
   462 | D:1      | Found Kacots's General Store.
   659 | D:2      | Noticed Robin
   664 | D:2      | Reached XP level 3. HP: 33/33 MP: 3/3
   668 | D:2      | Killed Robin
   823 | D:2      | Reached skill level 1 in Throwing
  1278 | D:2      | Reached XP level 4. HP: 36/40 MP: 4/4
  1440 | D:3      | Noticed Ijyb
  1448 | D:3      | Killed Ijyb
  1598 | D:3      | You fall into a shaft and drop 2 floors!
  1598 | D:5      | Entered Level 5 of the Dungeon
  1606 | D:5      | Noticed a scorpion
  1618 | D:5      | Killed a scorpion
  1619 | D:5      | Reached XP level 5. HP: 9/47 MP: 5/5
  2052 | D:4      | Noticed a lemure
  2053 | D:4      | Noticed Pikel
  2697 | D:4      | Noticed Edmund
  2757 | D:4      | Slain by Edmund

Illustrated notes

Levels and vault maps discovered:
D:1:      dpeg_arrival_tiny_k, layout_loops_ring, ebering_ecumenical_altar_mist,
          serial_shops, shop, shop_statue
D:2:      layout_rooms, hex_medium, minmay_misc_feat_encased, uniq_robin
D:3:      layout_loops_cross, kennysheep_generic_room_14, uniq_ijyb
D:4:      layout_basic, small_statue_alley_b, uniq_pikel, uniq_edmund,
          uniq_crazy_yiuf_cottage
D:5:      layout_cave_pods

Skill      XL: |  1  2  3  4 |
---------------+-------------+-----
Axes           | 3 4 |  4.1
Fighting       | 4 |  4.6
Throwing       | 1 |  1.9
Armour         | 4 |  4.2
Shields        | 4 |  4.2

Action                   |  1- 3 |  4- 6 || total
-------------------------+-------+-------++-------
Melee: War axe           |    88 |   101 ||   189
Throw: Javelin           |     3 |     2 ||     5
  Use: Potion            |       |     2 ||     2
Armor: Scale mail        |    52 |     9 ||    61
       Chain mail        |       |    33 ||    33
Dodge: Dodged            |    37 |    39 ||    76
Block: Buckler           |    24 |    13 ||    37

Table legend: (Time is in decaauts)
 A = Elapsed time spent in this place.
 B = Non-inter-level travel time spent in this place.
 C = Inter-level travel time spent in this place.
 D = Time resting spent in this place.
 E = Time spent auto-exploring this place.
 F = Levels seen in this place.
 G = Mean time per level.
                   A        B        C        D        E       F      G
               +--------+--------+--------+--------+--------+-----+--------+
         Total |   2809 |   2752 |     57 |    699 |   1487 |   5 |  561.8 |
       Dungeon |   2809 |   2752 |     57 |    699 |   1487 |   5 |  561.8 |
               +--------+--------+--------+--------+--------+-----+--------+

Top non-repeatable levels by time:
     D:2: 814 daAuts
     D:3: 760 daAuts
     D:1: 666 daAuts
     D:5: 417 daAuts
     D:4: 149 daAuts
